 Dungeon Crawl Stone Soup version 0.30.2 (webtiles) character file.

Game seed: 1274346695259610363

625 porpoise the Spear-Bearer (level 7, -4/55 HPs)
             Began as a Merfolk Gladiator on Jan 26, 2024.
             Slain by Pikel
             ... wielding a +0 whip of flaming
              (10 damage)
             ... on level 5 of the Dungeon.
             The game lasted 00:11:45 (3919 turns).

porpoise the Spear-Bearer (Merfolk Gladiator)       Turns: 3919, Time: 00:11:45

Health: -4/55      AC:  6    Str: 16    XL:     7   Next: 47%
Magic:  7/7        EV: 14    Int:  7    God:
Gold:   235        SH:  0    Dex: 22    Spells: 6/6 levels left

rFire   . . .        a - +0 trident
rCold   . . .        (no shield)
rNeg    . . .        b - +0 leather armour
rPois   +            n - +2 helmet of Satisfaction {rPois Dex+6}
rElec   .            (no cloak)
rCorr   .            (no gloves)
SInv    .            (no boots)
Will    .....        (no amulet)
Stlth   +++          (no ring)
HPRegen 0.29/turn    (no ring)
MPRegen 0.10/turn

%: no passive effects
@: no status effects
A: (nimble swimmer 2), mertail
a: no special abilities


You were on level 5 of the Dungeon.
You visited 1 branch of the dungeon, and saw 5 of its levels.

You collected 235 gold pieces.

Inventory:

Hand Weapons
 a - a +0 trident (weapon)
Missiles
 d - 3 throwing nets (quivered)
 e - a javelin
Armour
 b - a +0 leather armour (worn)
 c - a +1 helmet
 n - the +2 helmet of Satisfaction (worn) {rPois Dex+6}
   (You acquired it on level 5 of the Dungeon)

   Dex:       It affects your dexterity (+6).
   rPois:     It protects you from poison.
Magical Staves
 f - a staff of air
 s - a staff of death
Wands
 u - a wand of polymorph (11)
Scrolls
 g - a scroll of poison
 i - a scroll of enchant armour
 j - 3 scrolls of teleportation
 k - a scroll of magic mapping
 p - a scroll of fear
 q - a scroll of fog
 w - a scroll of amnesia {unknown}
 x - a scroll of vulnerability {unknown}
Potions
 h - a potion of haste {unknown}
 l - 2 potions of mutation
 m - a potion of curing
 o - 2 potions of ambrosia {unknown}
 r - a potion of might
 v - a potion of magic {unknown}


   Skills:
 + Level 4.7 Fighting
 * Level 8.3 Polearms
 - Level 2.0 Throwing
 - Level 4.0 Dodging
 + Level 4.4 Stealth


You had 6 spell levels left.
You didn't know any spells.
Your spell library contained the following spells:

 Spells                   Type           Power      Damage    Failure   Level
 Beastly Appendage        Tmut           0%         N/A       50%         1
 Magic Dart               Conj           0%         1d3       50%         1
 Shock                    Conj/Air       0%         1d3       50%         1
 Searing Ray              Conj           0%         2d4       65%         2
 Wereblood                Tmut           0%         N/A       65%         2
 Spider Form              Tmut/Pois      0%         N/A       86%         3
 Summon Guardian Golem    Hex/Summ       0%         N/A       86%         3
 Swiftness                Air            0%         N/A       86%         3
 Airstrike                Air            0%         2d(0-16)  99%         4
 Fulminant Prism          Conj/Hex       0%         3d5       99%         4
 Orb of Destruction       Conj           0%         9d5       100%        7
 Spellforged Servitor     Conj/Summ      0%         N/A       100%        7


Dungeon Overview and Level Annotations

Branches:
Dungeon (5/15)             Temple (0/1) D:5

Altars:
Makhleb
Nemelex Xobeh
Qazlal

Shops:
D:2 ?

Annotations:
D:5 Pikel


Innate Abilities, Weirdness & Mutations

((You are very nimble when in or above water. (Stealth+, EV+, Speed+++)))
Your lower body shifts to a powerful aquatic tail in water.


Message History

You closely miss Pikel.
Pikel is moderately wounded.
You closely miss Pikel.
Pikel is moderately wounded.
Pikel hits you with a +0 whip of flaming.
Pikel burns you.
An orc wizard comes into view. It is wielding a +0 dagger.
You barely miss Pikel.
Pikel is moderately wounded.
Pikel barely misses you.
You barely miss Pikel.
Pikel is moderately wounded.
Pikel hits you with a +0 whip of flaming.
Pikel burns you.
You hit Pikel.
Pikel is moderately wounded.
Pikel hits you with a +0 whip of flaming!
Pikel burns you.
You closely miss Pikel.
Pikel is moderately wounded.
Pikel hits you with a +0 whip of flaming!
Pikel burns you.
* * * LOW HITPOINT WARNING * * *
You closely miss Pikel.
Pikel is moderately wounded.
Pikel hits you with a +0 whip of flaming.
* * * LOW HITPOINT WARNING * * *
Pikel burns you.
* * * LOW HITPOINT WARNING * * *
The orc wizard gestures wildly while chanting.
The orc wizard flickers and vanishes!
Deactivating autopickup; reactivate with Ctrl-A.
You hear a shout!
You closely miss Pikel.
Pikel is moderately wounded.
Pikel barely misses you.
You hit Pikel but do no damage.
Pikel is moderately wounded.
Pikel hits you with a +0 whip of flaming!
You die...

#.# **,*,,,,,*#.#....
#.#**,,,**,***##...##
#.#*,,,^,,,* ##..##
#.#**,,,**##*** #.... #.#
**,,,,,..,* #.### #.#
*,,#####§###§###
#.###*,.##...§§§§..§.
#...##5S##.##§###§### **
###.@K55...##,* #.#** ,*********
####5o....,,* #.#*, ,**,,,,,,*
*,....#*** #.#*, ,**,*,,,,*
***#...* #.#*, ,**,*,**,*
*,..****#..,, ,,,,,,**,*
*,,.**,,...,, ***,****,*
*,,,**,*****, ,,,,,,,,,*****
*,,,,,,,,,,,,
,,,,,,**,,,,,********,,,**,**,,,,


You could see Pikel, 4 lemures, an adder and an orc.

Vanquished Creatures
  Menkaure (D:4)
  A water moccasin (D:4)
  3 iron imps (D:3)
  6 adders
  8 gnolls (D:3)
  An ufetubus (D:3)
  3 dart slugs (D:2)
  13 orcs
  6 endoplasms
  4 giant cockroaches
  3 goblins (D:1)
  7 hobgoblins
  4 kobolds
  A quokka (D:3)
  10 ball pythons
  3 bats
  2 frilled lizards
  5 rats
81 creatures vanquished.

Vanquished Creatures (collateral kills)
  An ice beast (D:5)
1 creature vanquished.

Grand Total: 82 creatures vanquished

Notes
Turn   | Place    | Note
-------+----------+-------------------------------------------
     0 | D:1      | porpoise the Merfolk Gladiator began the quest for the Orb.
     0 | D:1      | Reached XP level 1. HP: 16/16 MP: 1/1
   195 | D:1      | Reached XP level 2. HP: 23/23 MP: 2/2
   288 | D:1      | Reached skill level 1 in Stealth
   632 | D:2      | Reached XP level 3. HP: 23/28 MP: 3/3
   708 | D:2      | Reached skill level 5 in Polearms
   717 | D:2      | Found Otsyxetz's Magic Scroll Boutique.
  1268 | D:3      | Reached XP level 4. HP: 34/34 MP: 4/4
  1645 | D:3      | Reached XP level 5. HP: 28/41 MP: 5/5
  1650 | D:3      | Reached skill level 6 in Polearms
  2367 | D:3      | Found a burning altar of Makhleb.
  2396 | D:3      | Reached XP level 6. HP: 48/48 MP: 6/6
  2495 | D:4      | Noticed a water moccasin
  2513 | D:4      | Killed a water moccasin
  2514 | D:4      | Reached skill level 7 in Polearms
  2654 | D:4      | Noticed Menkaure
  2666 | D:4      | Killed Menkaure
  2667 | D:4      | Reached XP level 7. HP: 20/55 MP: 7/7
  3181 | D:4      | Reached skill level 8 in Polearms
  3444 | D:4      | Found a stormy altar of Qazlal.
  3721 | D:5      | Entered Level 5 of the Dungeon
  3741 | D:5      | Found a sparkling altar of Nemelex Xobeh.
  3852 | D:5      | Identified a scroll of acquirement
  3852 | D:5      | Acquired the +2 helmet of Satisfaction {rPois Dex+6}
  3892 | D:5      | Noticed Pikel
  3919 | D:5      | Slain by Pikel

Illustrated notes

Levels and vault maps discovered:
D:1:      matt_arrival_grand_opening, layout_rooms
D:2:      layout_loops_cross, serial_shops, nicolae_shop_waterfront
D:3:      layout_basic, demons_altar
D:4:      layout_basic, old_standard_altar, uniq_menkaure
D:5:      layout_loops_cross, nemelex_xobeh_ov_fountains_minmay,
          minmay_temple_entry_drinking_statues, uniq_prince_ribbit1,
          uniq_eustachio, uniq_pikel

Skill      XL: |  1  2  3  4  5  6  7 |
---------------+----------------------+-----
Stealth        | 1 2 3 4 |  4.4
Polearms       | 5 6 7 8 |  8.3
Fighting       | 3 4 |  4.7
Throwing       | |  2.0
Dodging        | |  4.0

Action                     |  1- 3 |  4- 6 |  7- 9 || total
---------------------------+-------+-------+-------++-------
  Melee: Trident           |    99 |   123 |    68 ||   290
         Punch             |     1 |     2 |       ||     3
  Throw: Throwing net      |       |     3 |       ||     3
    Use: Scroll            |     4 |     1 |     5 ||    10
         Potion            |       |     3 |       ||     3
   Stab: Sleeping          |     4 |     4 |     3 ||    11
 Armour: Leather armour    |    17 |    11 |     9 ||    37
  Dodge: Dodged            |    50 |    52 |    27 ||   129
